 Dungeon Crawl Stone Soup version 0.24.0-37-gcf1ca852f1 (webtiles) character file.

Game seed: 13700368891057070302, levelgen mode: deterministic

42 FishyPogo the Chiller (level 3, -3/25 HPs)
             Began as a Gnoll Ice Elementalist on Nov 30, 2019.
             Slain by Sigmund
             ... wielding a +2 scythe of venom
              (13 damage)
             ... on level 2 of the Dungeon.
             The game lasted 00:03:10 (1005 turns).

FishyPogo the Chiller (Gnoll Ice Elementalist)      Turns: 1005, Time: 00:03:11

Health: -3/25      AC:  2    Str: 10    XL:     3   Next: 56%
Magic:  9/9        EV: 14    Int: 18    God:
Gold:   75         SH:  0    Dex: 15    Spells: 9/12 levels left

rFire    . . .     SeeInvis .   g - +0 spear
rCold    . . .     Gourm    .   (no shield)
rNeg     . . .     Faith    .   a - +0 robe
rPois    +         Spirit   .   (no helmet)
rElec    .         Reflect  .   (no cloak)
rCorr    .         Harm     .   (no gloves)
MR       .....                  (no boots)
Stlth    +++.......             (no amulet)
HPRegen  0.08/turn              k - ring of poison resistance
MPRegen  0.11/turn              (no ring)

@: very slightly contaminated, invisible
A: distributed training, fangs 1, strong nose
a: no special abilities


You were on level 2 of the Dungeon.
You were not hungry.

You visited 1 branch of the dungeon, and saw 2 of its levels.

You collected 75 gold pieces.

Inventory:

Hand Weapons
 g - a +0 spear (weapon)
Missiles
 b - 89 stones
 n - 3 boomerangs (quivered)
Armour
 a - a +0 robe (worn)
Jewellery
 k - a ring of poison resistance (left hand)
Scrolls
 f - 2 scrolls of identify {unknown}
 m - a scroll of immolation {unknown}
Potions
 e - a potion of agility {unknown}
 l - a potion of berserk rage {unknown}
Comestibles
 c - 2 rations
 d - 3 chunks of flesh


   Skills:
 + Level 0.8 Fighting
 + Level 0.8 Short Blades
 + Level 0.8 Long Blades
 + Level 0.8 Axes
 + Level 0.8 Maces & Flails
 + Level 0.8 Polearms
 + Level 0.8 Staves
 + Level 0.8 Slings
 + Level 0.8 Bows
 + Level 0.8 Crossbows
 + Level 0.8 Throwing
 + Level 0.8 Armour
 + Level 4.5 Dodging
 + Level 4.1 Stealth
 + Level 0.8 Shields
 + Level 0.8 Unarmed Combat
 + Level 5.0 Spellcasting
 + Level 2.1 Conjurations
 + Level 0.5 Hexes
 + Level 0.5 Charms
 + Level 0.5 Summonings
 + Level 0.5 Necromancy
 + Level 0.5 Translocations
 + Level 0.5 Transmutations
 + Level 0.5 Fire Magic
 + Level 5.4 Ice Magic
 + Level 0.5 Air Magic
 + Level 0.5 Earth Magic
 + Level 0.5 Poison Magic
 + Level 1.0 Invocations
 + Level 0.8 Evocations


You had 9 spell levels left.
You knew the following spells:

 Your Spells              Type           Power        Failure   Level  Hunger
a - Freeze                Ice            ###.         1%          1    None
b - Throw Frost           Conj/Ice       ###...       4%          2    #......

Your spell library contained the following spells:

 Spells                   Type           Power        Failure   Level  Hunger
 Ozocubu's Armour         Chrm/Ice       ###.....     12%         3    ##.....
 Throw Icicle             Conj/Ice       ###.....     28%         4    ####...
 Summon Ice Beast         Ice/Summ       ###.....     36%         4    ####...


Dungeon Overview and Level Annotations

Branches:
Dungeon (2/15)

Altars:

Annotations:
D:2 Sigmund


Innate Abilities, Weirdness & Mutations

Your experience applies equally to all skills.
You have very sharp teeth.
Your uncanny sense of smell can sniff out nearby items.


Message History

* * * LOW HITPOINT WARNING * * *
You feel sick.
It was a potion of magic.
Magic courses through your body.
* * * LOW HITPOINT WARNING * * *
You feel sick.
Some of the chunks of flesh in your inventory have rotted away.
It was a potion of curing.
You feel better. Something hits you!
A puff of flame appears from out of thin air!
The puff of flame misses you.
Found a potion of curing.
Okay, then.
You hear a shout!
A puff of flame appears from out of thin air!
The puff of flame misses you.
Something tries to affect you, but you resist.
A puff of flame appears from out of thin air!
Something barely misses you. Something hits you!
Ouch! That really hurt!
You die...

#######÷#+###..#.#
#######...........
#.................
##########.##...........
#.#..# #.##...........
#.#..# #.##...........
#####.#..#####.##...........
......÷.............####+#.#
................@..........
#####.#..########.######.##
#.#..# #.# #.#..# #.# #.#..#
#.# #####.#..########.#
...................
#####.##.########.# #.##.#


There were no monsters in sight!

Vanquished Creatures
  A gnoll (D:1)
  A dart slug (D:1)
  2 leopard geckos
  2 giant cockroaches (D:1)
  5 goblins (D:1)
  5 hobgoblins
  3 kobolds (D:1)
  3 bats
  3 frilled lizards
  2 rats (D:1)
27 creatures vanquished.

Notes
Turn   | Place    | Note
-------+----------+-------------------------------------------
     0 | D:1      | FishyPogo the Gnoll Ice Elementalist began the quest for
                  | the Orb.
     0 | D:1      | Reached XP level 1. HP: 13/13 MP: 6/6
   120 | D:1      | Reached XP level 2. HP: 13/20 MP: 3/7
   226 | D:1      | Learned a level 2 spell: Throw Frost
   454 | D:1      | Reached XP level 3. HP: 23/25 MP: 2/9
   507 | D:1      | Reached skill level 5 in Spellcasting
   932 | D:2      | Reached skill level 1 in Invocations
   969 | D:2      | Noticed Sigmund
  1005 | D:2      | Slain by Sigmund

Levels and vault maps discovered:
D:1:      dpeg_arrival_solitude, layout_loops_corners,
          chequers_serial_rivers_small_3, hangedman_decor_opposing,
          kennysheep_nondescript
D:2:      layout_basic, uniq_crazy_yiuf_cottage, uniq_sigmund

Skill      XL: |  1  2  3 |
---------------+----------+-----
Conjurations   | 2 |  2.1
Spellcasting   | 5 |  5.0
Invocations    | 1 |  1.0
Fighting       | |  0.8
Short Blades   | |  0.8
Long Blades    | |  0.8
Axes           | |  0.8
Maces & Flails | |  0.8
Polearms       | |  0.8
Staves         | |  0.8
Slings         | |  0.8
Bows           | |  0.8
Crossbows      | |  0.8
Throwing       | |  0.8
Armour         | |  0.8
Dodging        | |  4.5
Stealth        | |  4.1
Shields        | |  0.8
Unarmed Combat | |  0.8
Hexes          | |  0.5
Charms         | |  0.5
Summonings     | |  0.5
Necromancy     | |  0.5
Translocations | |  0.5
Transmutations | |  0.5
Fire Magic     | |  0.5
Ice Magic      | |  5.4
Air Magic      | |  0.5
Earth Magic    | |  0.5
Poison Magic   | |  0.5
Evocations     | |  0.8

Action                   || total
-------------------------++-------
Melee: Spear             ||     6
Throw: Boomerang         ||     2
 Cast: Freeze            ||    11
       Throw Frost       ||    23
  Use: Potion            ||     3
 Stab: Sleeping          ||     1
Dodge: Dodged            ||    10
